 Dungeon Crawl Stone Soup version 0.26.0-11-g8f856b5395 (webtiles) character file.

Game seed: 7363166960614604353

580 Strat the Chopper (level 7, -3/64 HPs)
             Began as a Deep Dwarf Fighter on Jan 14, 2021.
             Was an Initiate of Makhleb.
             Killed by divine providence
             ... invoked by a smoke demon
              (11 damage)
             ... on level 1 of the Abyss.
             The game lasted 00:04:40 (854 turns).

Strat the Chopper (Deep Dwarf Fighter)               Turns: 854, Time: 00:04:41

Health: -3/64      AC:  6    Str: 22    XL:     7   Next: 13%
Magic:  3/3        EV:  7    Int:  8    God:    Makhleb [......]
Gold:   98         SH:  9    Dex: 12    Spells: 6/6 levels left

rFire    . . .     SeeInvis .   a - +0 war axe
rCold    . . .     Faith    .   c - +0 kite shield
rNeg     . . .     Spirit   .   b - +0 scale mail
rPois    .         Reflect  .   (no helmet)
rElec    .         Harm     .   (no cloak)
rCorr    .         Rampage  .   (no gloves)
Will     +....                  (no boots)
Stlth    ..........             (no amulet)
HPRegen  0.00/turn              (no ring)
MPRegen  0.08/turn              (no ring)

@: non-regenerating
A: damage resistance, heal wounds, sense surroundings 1, no regeneration
a: Heal Wounds, Renounce Religion


You were on level 1 of the Abyss.
You worshipped Makhleb.
Makhleb was noncommittal.
You visited 1 branch of the dungeon, and saw 5 of its levels.
You visited the Abyss 1 time.

You collected 98 gold pieces.

Inventory:

Hand Weapons
 a - a +0 war axe (weapon)
Missiles
 h - 29 stones
Armour
 b - a +0 scale mail (worn)
 c - a +0 kite shield (worn)
Scrolls
 e - 2 scrolls of remove curse {unknown}
 f - 3 scrolls of identify {unknown}
 g - a scroll of fear {unknown}
Potions
 d - 2 potions of might
 i - 2 potions of heal wounds {unknown}
 j - a potion of degeneration {unknown}
 k - 2 potions of curing {unknown}
 l - a potion of magic {unknown}


   Skills:
 + Level 4.0 Fighting
 + Level 7.9 Axes
 - Level 3.2 Armour
 - Level 3.2 Shields


You had 6 spell levels left.
You didn't know any spells.
Your spell library was empty.

Dungeon Overview and Level Annotations

Branches:
Dungeon (5/15)
 Temple: D:4-7

Altars:
Fedhas
Makhleb
Qazlal

Annotations:
D:5 Blork the orc, Pikel, Sigmund


Innate Abilities, Weirdness & Mutations

You are resistant to damage.
You can heal yourself by infusing magical energy.
You passively map a small area around you.
You do not regenerate.


Message History

The smoke demon gestures at you. The sticky flame misses you.
You barely miss the smoke demon.
The smoke demon is almost dead.
The smoke demon barely misses you. You block the smoke demon's attack. x2
The smoke demon gestures at you. The ball of steam hits you!
* * * LOW HITPOINT WARNING * * *
You hit the smoke demon but do no damage.
The smoke demon is almost dead.
You are engulfed in a cloud of scalding steam.
* * * LOW HITPOINT WARNING * * *
The smoke demon hits you.
* * * LOW HITPOINT WARNING * * *
You block the smoke demon's attack. The smoke demon hits you.
You closely miss the smoke demon.
The smoke demon is almost dead.
The smoke demon gestures at you. Something smites you!
You die...

...... ..# #.#
. ##..#
.######. # #.
#. ##....# # ..
.#..# .......
####... ..
#.........###..
.##. ... #
.####........
..# . #.##
#.....###..# ##
.##
#...##.#3....#
##.#..#.
..#@#ยง.## #
.#.. . ..#.#3.#
##
..#.##.##...#
...# . ##.....#
.# # .......
#..... #
..#..#. .....#
## ..#


You could see a smoke demon.

Vanquished Creatures
  An ogre (D:4)
  2 centaurs
  A scorpion (D:3)
  A howler monkey (D:5)
  A bullfrog zombie (D:4)
  A centaur zombie (D:4)
  A centaur skeleton (D:4)
  A hound (D:5)
  An orc wizard (D:3)
  A worker ant zombie (D:4)
  3 adders (D:5)
  2 oozes
  An adder skeleton (D:5)
  3 worms
  6 orcs
  A ball python (D:5)
  3 giant cockroaches
  A goblin (D:3)
  3 hobgoblins
  3 jackals (D:2)
  4 kobolds
  2 bats
  2 frilled lizards
  2 giant cockroach zombies (D:4)
  2 rats
49 creatures vanquished.

Notes
Turn   | Place    | Note
-------+----------+-------------------------------------------
     0 | D:1      | Strat the Deep Dwarf Fighter began the quest for the Orb.
     0 | D:1      | Reached XP level 1. HP: 20/20 MP: 1/1
   164 | D:1      | Reached skill level 3 in Axes
   164 | D:1      | Reached XP level 2. HP: 25/27 MP: 2/2
   347 | D:2      | Reached XP level 3. HP: 13/33 MP: 3/3
   356 | D:2      | Noticed a centaur
   373 | D:2      | Killed a centaur
   374 | D:2      | Reached skill level 5 in Axes
   374 | D:2      | Reached XP level 4. HP: 38/40 MP: 4/4
   520 | D:3      | Reached XP level 5. HP: 30/46 MP: 5/5
   547 | D:3      | Reached skill level 6 in Axes
   547 | D:3      | Noticed a centaur
   559 | D:3      | Killed a centaur
   560 | D:3      | Reached skill level 7 in Axes
   560 | D:3      | Reached XP level 6. HP: 33/55 MP: 5/5
   560 | D:3      | Found a burning altar of Makhleb.
   572 | D:3      | Became a worshipper of Makhleb the Destroyer
   591 | D:3      | Found a stormy altar of Qazlal.
   594 | D:3      | Found a blossoming altar of Fedhas.
   728 | D:5      | Entered Level 5 of the Dungeon
   747 | D:5      | Reached XP level 7. HP: 57/63 MP: 3/3
   758 | D:5      | Noticed Sigmund
   767 | D:5      | Noticed Blork the orc
   773 | D:5      | Noticed Pikel
   775 | D:5      | Cast into level 1 of the Abyss (Blork the orc)
   775 | Abyss:1  | Found a corrupted altar of Lugonu.
   835 | Abyss:1  | Noticed a smoke demon
   854 | Abyss:1  | Killed from afar by a smoke demon

Illustrated notes

Levels and vault maps discovered:
D:1:      saegor_arrival_simple_e, layout_basic, minmay_octomino_c4
D:2:      layout_basic, general_overflow_altar, minmay_randomly_rotated_circles
D:3:      layout_loops_ring, overflow_temple_1_default,
          grunt_temple_overflow_forces_of_nature, okawaru_ov_weapons_minmay,
          gammafunk_ghost_nasty_kobolds
D:4:      layout_cave_pools, serial_undead, serial_undead_f, serial_undead_a,
          serial_undead_b, serial_undead_b, serial_undead_c, serial_undead_b,
          serial_undead_a, serial_undead_e
D:5:      layout_rooms, minitemple, gup_sewer_entry_spiral,
          lightli_ossuary_entry_decrepit_ruins, chequers_avenue,
          elyvilon_altar_1, uniq_menkaure, uniq_sigmund, uniq_blork_the_orc,
          uniq_pikel, uniq_crazy_yiuf_cottage
Abyss:1:  base:
D:5

Skill      XL: |  1  2  3  4  5  6  7 |
---------------+----------------------+-----
Axes           | 3 5 7 |  7.9
Fighting       | 3 4 |  4.0
Armour         | |  3.2
Shields        | |  3.2

Action                   |  1- 3 |  4- 6 |  7- 9 || total
-------------------------+-------+-------+-------++-------
Melee: War axe           |    74 |   119 |    36 ||   229
 Abil: Heal Wounds       |     3 |     5 |     1 ||     9
Armor: Scale mail        |    25 |    40 |    15 ||    80
Dodge: Dodged            |    33 |    46 |    17 ||    96
Block: Kite shield       |    45 |    55 |    27 ||   127
